 Dungeon Crawl Stone Soup version 0.27-a0-1565-gad902ab807 (webtiles) character file.

Game seed: 15745766055786543775

67 Leszczynek the Chopper (level 4, 20/33 HPs)
             Began as a Human Gladiator on July 16, 2021.
             Quit the game on level 4 of the Dungeon.
             The game lasted 00:07:54 (878 turns).

Leszczynek the Chopper (Human Gladiator)             Turns: 878, Time: 00:07:54

Health: 20/33      AC:  6    Str: 14    XL:     4   Next: 40%
Magic:  4/4        EV: 11    Int: 10    God:
Gold:   153        SH:  0    Dex: 14    Spells: 3/3 levels left

rFire    . . .     SeeInvis .   a - +0 war axe
rCold    . . .     Faith    .   (no shield)
rNeg     . . .     Spirit   .   e - +0 ring mail
rPois    .         Reflect  .   c - +0 helmet
rElec    .         Harm     .   (no cloak)
rCorr    .         Rampage  .   (no gloves)
Will     .....                  (no boots)
Stlth    +.........             (no amulet)
HPRegen  0.11/turn              (no ring)
MPRegen  0.09/turn              (no ring)

@: quite poisoned (20 -> 11)
A: no striking features
a: no special abilities


You were on level 4 of the Dungeon.
You visited 1 branch of the dungeon, and saw 5 of its levels.

You collected 153 gold pieces.

Inventory:

Hand Weapons
 a - a +0 war axe (weapon)
Missiles
 d - a throwing net (quivered)
 i - 4 javelins
Armour
 b - a +0 leather armour
 c - a +0 helmet (worn)
 e - a +0 ring mail (worn)
Wands
 j - a wand of polymorph (9)
Scrolls
 f - a scroll of noise {!r}
 h - 2 scrolls of teleportation {unknown}
Potions
 g - a potion of might


   Skills:
 - Level 2.0 Fighting
 + Level 4.9 Axes
 - Level 2.0 Throwing
 - Level 3.0 Dodging


You had 3 spell levels left.
You didn't know any spells.
Your spell library contained the following spells:

 Spells                   Type           Power      Damage    Failure   Level
 Pain                     Necr           0%         1d4       61%         1
 Agony                    Necr           0%         N/A       100%        5
 Excruciating Wounds      Necr           0%         N/A       100%        5


Dungeon Overview and Level Annotations

Branches:
Dungeon (5/15)             Temple (0/1) D:4

Altars:
Vehumet


Message History

You kill the quokka!
You hit the jackal.
The jackal bites you but does no damage.
The jackal barely misses you.
You miss the jackal.
The jackal is severely wounded.
The jackal barely misses you.
The jackal bites you but does no damage.
You hit the jackal.
You kill the jackal!
You see here a jackal corpse.
An endoplasm comes into view.
The endoplasm jiggles.
The endoplasm barely misses you.
You barely miss the endoplasm. The endoplasm barely misses you.
The endoplasm freezes you.
You are frozen.
You hit the endoplasm but do no damage.
The endoplasm hits you but does no damage.
You hit the endoplasm.
The endoplasm is heavily wounded.
The endoplasm freezes you.
You are frozen.
You hit the endoplasm but do no damage.
The endoplasm is heavily wounded.
The endoplasm freezes you.
You are frozen.
The endoplasm misses you.
You hit the endoplasm.
You kill the endoplasm!
There is a stone staircase leading down here.
A goblin and a kobold come into view.
The goblin is wielding a +0 hand axe and carrying a wand of flame (22).
The kobold is wielding a +0 club and quivering poisoned darts.
The goblin shouts!
The kobold shouts!
You hear a shout!
The kobold throws a poisoned dart.
The poisoned dart hits you!
You are poisoned.
The goblin zaps a wand.
The puff of flame hits you but does no damage.
Enter note: you know what
Enter note: fuck off Are you sure you want to abandon this character and quit the game? (Confirm with "yes".)

.......# .......# #.# # .
......####### #?##. ..
......>.....# #.#.. ...
.....######.# #.#.### .>y.
##.#.#
####.#####K#...#.....
##.#.#
#.......##.#.(.......
##.#.# #.#####....#..(..##
##.#.##.. #.#@.<......#
.....................#...#
#..#..#.
g.#...............# †..#.
.......###.##.###.. ##.#
#._.#... ..# .# # #.#
.......#. #.# # #..
...#...#.##.# #### ......
#.#


You could see a goblin and a kobold.

Vanquished Creatures
  An adder (D:3)
  A dart slug (D:1)
  An orc (D:3)
  3 ball pythons
  5 endoplasms
  2 giant cockroaches
  6 goblins
  4 hobgoblins
  6 jackals
  4 kobolds
  5 quokkas
  3 bats
  2 frilled lizards (D:1)
  4 rats
47 creatures vanquished.

Notes
Turn   | Place    | Note
-------+----------+-------------------------------------------
     0 | D:1      | Leszczynek the Human Gladiator began the quest for the Orb.
     0 | D:1      | Reached XP level 1. HP: 16/16 MP: 1/1
    68 | D:1      | Reached XP level 2. HP: 21/22 MP: 2/2
   146 | D:1      | Reached skill level 4 in Axes
   146 | D:1      | Reached XP level 3. HP: 7/27 MP: 3/3
   193 | D:2      | HP: 5/27 [kobold (2)]
   286 | D:2      | HP: 5/27 [ball python (3)]
   325 | D:3      | gg
   456 | D:3      | Reached XP level 4. HP: 26/33 MP: 4/4
   513 | D:4      | Found a staircase to the Ecumenical Temple.
   513 | D:4      | Found a radiant altar of Vehumet.
   516 | D:4      | sdfsdgfdfhgadfg
   516 | D:4      | fuck off with d4 bees
   827 | D:5      | Entered Level 5 of the Dungeon
   878 | D:4      | you know what
   878 | D:4      | fuck off
   878 | D:4      | Quit the game

Illustrated notes . .(. #. #.# # #.###.##. #....... #......## #......# #...S.# #...@.# ###.### #. #. #. ## Turn 325 on D:3: gg #. # . #?##. .. #.#.. ... #.#.### .>.. r## #.#...#..... ....##.#.(....... #....#.@(..## #..<......# ...K......#...# #..........g.y..# .....###.##.###.. _.#.. ..# .# # .... #.# # #.. #.# ... .# Turn 516 on D:4: sdfsdgfdfhgadfg

.......# .......# #.# # .
......####### #?##. ..
......>.....# #.#.. ...
.....######.# #.#.### .>y.
##.#.#
####.#####K#...#.....
##.#.#
#.......##.#.(.......
##.#.# #.#####....#..(..##
##.#.##.. #.#@.<......#
.....................#...#
#..#..#.
g.#...............# †..#.
.......###.##.###.. ##.#
#._.#... ..# .# # #.#
.......#. #.# # #..
...#...#.##.# #### ......
#.#


Turn 878 on D:4: you know what

Levels and vault maps discovered:
D:1:      beargit_arrival_greenhouse, layout_rooms,
          hellmonk_ecumenical_altar_slurped_away
D:2:      layout_rooms, minmay_misc_feat_rows, kennysheep_generic_room_13,
          uniq_jessica
D:3:      layout_loops_ring, minmay_quadrilaterals
D:4:      layout_loops_ring, vehumet_altar_wand_db, minmay_temple_entry_tees
D:5:      layout_gridville, fountainhead, kennysheep_generic_room_8

Skill      XL: |  1  2 |
---------------+-------+-----
Axes           | 4 |  4.9
Fighting       | |  2.0
Throwing       | |  2.0
Dodging        | |  3.0

Action                   |  1- 3 |  4- 6 || total
-------------------------+-------+-------++-------
Melee: War axe           |    91 |    31 ||   122
Throw: Throwing net      |     5 |       ||     5
  Use: Potion            |     2 |       ||     2
       Scroll            |       |     2 ||     2
 Stab: Held in net/web   |     2 |       ||     2
Armor: Leather armour    |    17 |     1 ||    18
       Ring mail         |       |    11 ||    11
Dodge: Dodged            |    49 |    16 ||    65

Table legend: (Time is in decaauts)
 A = Elapsed time spent in this place.
 B = Non-inter-level travel time spent in this place.
 C = Inter-level travel time spent in this place.
 D = Time resting spent in this place.
 E = Time spent auto-exploring this place.
 F = Levels seen in this place.
 G = Mean time per level.
                   A        B        C        D        E       F      G
               +--------+--------+--------+--------+--------+-----+--------+
         Total |    896 |    896 |      0 |      5 |      0 |   5 |  179.2 |
       Dungeon |    896 |    896 |      0 |      5 |      0 |   5 |  179.2 |
               +--------+--------+--------+--------+--------+-----+--------+

Top non-repeatable levels by time:
     D:3: 408 daAuts
     D:2: 241 daAuts
     D:1: 154 daAuts
     D:4: 83 daAuts
     D:5: 8 daAuts
